 Dungeon Crawl Stone Soup version 0.21.1-1-g345015f (webtiles) character file.

20 JeffiDaFish the Digger (level 2, 0/15 HPs)
             Began as a Gargoyle Earth Elementalist on Feb 12, 2018.
             Slain by a jackal (1 damage)
             ... on level 1 of the Dungeon.
             The game lasted 00:03:53 (542 turns).

JeffiDaFish the Digger (Gargoyle Earth Elementalist) Turns: 542, Time: 00:03:54

Health: 0/15       AC:  5    Str: 11    XL:     2   Next: 79%
Magic:  0/5        EV: 12    Int: 15    God:
Gold:   18         SH:  0    Dex: 10    Spells: 4/5 levels left

rFire    . . .     SeeInvis .   i - +0 mace
rCold    . . .     Gourm    .   (no shield)
rNeg     + . .     Faith    .   c - +1 robe
rPois    ∞         Spirit   .   (no helmet)
rElec    +         Reflect  .   (no cloak)
rCorr    .         Harm     .   (no gloves)
MR       .....                  (no boots)
Stlth    ++........             (no amulet)
HPRegen  0.05/turn              f - ring of wizardry
MPRegen  0.09/turn              (no ring)

@: no status effects
A: negative energy resistance 1, electricity resistance, unbreathing,
petrification resistance, rot immunity, AC +2
a: no special abilities


You were on level 1 of the Dungeon.
You were not hungry.

You visited 1 branch of the dungeon, and saw 1 of its levels.

You collected 18 gold pieces.

Inventory:

Hand Weapons
 i - a +0 mace (weapon)
Missiles
 b - 12 stones (quivered)
Armour
 c - a +1 robe (worn)
Jewellery
 f - a ring of wizardry (left hand)
Scrolls
 h - a scroll of remove curse
Books
 e - a book of Geomancy

   Spells                             Type                      Level
   a - Sandblast                      Earth                        1
   b - Passwall                       Transmutation/Earth          2
   c - Stone Arrow                    Conjuration/Earth            3
   d - Petrify                        Transmutation/Earth          4
   e - Lee's Rapid Deconstruction     Earth                        5
Comestibles
 a - a chunk of flesh
 d - 3 rations


   Skills:
 - Level 1.6 Dodging
 - Level 2.3 Stealth
 + Level 2.4 Spellcasting
   Level 0.7 Transmutations
 + Level 4.2 Earth Magic


You had 4 spell levels left.
You knew the following spells:

 Your Spells              Type           Power        Failure   Level  Hunger
a - Sandblast             Erth           ##....       1%          1    #......


Dungeon Overview and Level Annotations

Branches:
Dungeon (1/15)

Altars:


Innate Abilities, Weirdness & Mutations

You are resistant to torment.
Your stone body is resilient. (AC +2)
You are immune to poison.
You resist negative energy. (rN+)
You are resistant to electric shocks. (rElec)
You can survive without breathing.
You are immune to petrification.
You are immune to rotting.


Message History

You closely miss the jackal. The jackal bites you.
* * * LOW HITPOINT WARNING * * *
The jackal bites you but does no damage.
The jackal misses you. x2
You are too injured to fight recklessly!
You aren't carrying any potions.
Okay, then.
You hit the jackal.
The jackal is heavily wounded.
The jackal bites you but does no damage.
The jackal barely misses you. x2
The jackal bites you but does no damage.
You miss the jackal.
The jackal is heavily wounded.
The jackal completely misses you. The jackal barely misses you.
The jackal closely misses you.
You closely miss the jackal.
The jackal is heavily wounded.
The jackal bites you.
You die...

#.........# #####.##.#
##.### #####.....#
#...#..#.# #.##
#.....###.#.##.#.# #..#
#......##.#.##.#.# ##.##
#......##.#....#.# #..#
#......##.#....#.######.#
#......##........##.....#
####...####..........##.#
#...#@h...............
#...#h##.#...........#
#...#K##.............#
#...#....#............
#######...............
#.h.........####
#........#### .
#h.......#
...#######....K...#


You could see 2 jackals and a kobold.

Vanquished Creatures
  A dart slug (D:1)
  A leopard gecko (D:1)
  A goblin (D:1)
  3 hobgoblins (D:1)
  2 jackals (D:1)
  2 bats (D:1)
  A frilled lizard (D:1)
  3 kobolds (D:1)
  4 rats (D:1)
18 creatures vanquished.

Notes
Turn   | Place    | Note
-------+----------+-------------------------------------------
     0 | D:1      | JeffiDaFish the Gargoyle Earth Elementalist began the quest for the Orb.
     0 | D:1      | Reached XP level 1. HP: 10/10 MP: 3/3
   262 | D:1      | Reached XP level 2. HP: 15/15 MP: 3/5
   279 | D:1      | Reached skill level 4 in Earth Magic
   542 | D:1      | Slain by a jackal

Skill      XL: |  1  2 |
---------------+-------+-----
Earth Magic    | 4 |  4.2
Dodging        | |  1.6
Stealth        | |  2.3
Spellcasting   | |  2.4
Transmutations | |  0.7

Action                   || total
-------------------------++-------
Melee: Whip              ||    15
       Mace              ||    13
 Cast: Sandblast         ||    20
  Use: Scroll            ||     4
       Potion            ||     2
 Stab: Sleeping          ||     1
Armor: Robe              ||    33
Dodge: Dodged            ||    51
